 Dungeon Crawl Stone Soup version 0.31-a0-145-g046c7d2549 (webtiles) character file.

Game seed: 2695266667188676267

102 night the Stinger (level 4, 0/33 HPs)
             Began as a Draconian Venom Mage on June 6, 2023.
             Killed from afar by Sigmund (8 damage)
             ... with a magic dart
             ... on level 3 of the Dungeon.
             The game lasted 00:04:46 (2706 turns).

night the Stinger (Draconian Venom Mage)            Turns: 2706, Time: 00:04:46

Health: 0/33       AC:  5    Str: 10    XL:     4   Next: 49%
Magic:  7/9        EV: 12    Int: 18    God:
Gold:   152        SH:  5    Dex: 11    Spells: 6/9 levels left

rFire   . . .        l - +0 hand axe
rCold   . . .        (no shield)
rNeg    + . .        (body armour unavailable)
rPois   .            (helmet restricted)
rElec   .            q - scarf {repulsion}
rCorr   .            (no gloves)
SInv    .            (no boots)
Will    .....        h - amulet of reflection
Stlth   ++           j - ring of positive energy
HPRegen 0.25/turn    d - ring of wizardry
MPRegen 0.11/turn

%: repel missiles, reflection, wizardry (x1)
@: mighty
A: AC +5, unfitting armour, cold-blooded
a: no special abilities


You were on level 3 of the Dungeon.
You visited 1 branch of the dungeon, and saw 3 of its levels.

You collected 152 gold pieces.

Inventory:

Hand Weapons
 l - a +0 hand axe (weapon)
Missiles
 g - 15 stones
 n - 6 javelins
 p - 4 curare-tipped darts
Armour
 q - a scarf of repulsion (worn)
Jewellery
 d - a ring of wizardry (right hand)
 h - an amulet of reflection (around neck)
 j - a ring of positive energy (left hand)
 r - a ring of flight
Scrolls
 b - a scroll of teleportation
 e - a scroll of fog
 k - a scroll of acquirement
 m - 2 scrolls of enchant armour
 o - a scroll of identify
 s - 3 scrolls of noise {unknown}
Potions
 a - a potion of magic
 i - a potion of degeneration {unknown}


   Skills:
 - Level 1.7 Dodging
 - Level 1.7 Stealth
 + Level 3.4 Spellcasting
 - Level 1.0 Transmutations
 + Level 4.3 Poison Magic


You had 6 spell levels left.
You knew the following spells:

 Your Spells              Type           Power      Damage    Failure   Level
a - Sting                 Tmut/Pois      48%        1d5       2%          1
b - Poisonous Vapours     Pois/Air       20%        N/A       4%          2

Your spell library contained the following spells:

 Spells                   Type           Power      Damage    Failure   Level
 Lesser Beckoning         Tloc           6%         N/A       10%         2
 Mephitic Cloud           Conj/Pois/Air  8%         N/A       11%         3
 Olgreb's Toxic Radiance  Pois           18%        N/A       11%         4
 Gell's Gravitas          Tloc           3%         N/A       19%         3
 Teleport Other           Tloc           3%         N/A       19%         3
 Vhi's Electric Charge    Tloc/Air       6%         N/A       19%         3
 Arcjolt                  Conj/Air       1%         1d11      83%         5
 Plasma Beam              Fire/Air       1%         2x1d11    100%        6


Dungeon Overview and Level Annotations

Branches:
Dungeon (3/15)

Altars:
Fedhas

Annotations:
D:3 Sigmund


Innate Abilities, Weirdness & Mutations

Your plain brown scales are hard. (AC +5)
You cannot fit into any form of body armour.
You are cold-blooded and may be slowed by cold attacks.


Message History

Aim: a goblin, wielding a +0 dagger (poisoned) Poisonous vapours surround the goblin!
The goblin looks even sicker.
You start resting.
A goblin is nearby!
You kill the goblin!
Sigmund the Dreaded comes into view.
He is wielding a +4 scythe of protection.
Casting: Poisonous Vapours (safe; 4% risk of failure)
Confirm with . or Enter, or press ? or * to list all spells.
Aiming: Poisonous Vapours (safe; 4% risk of failure)
Press: ? - help, Dir - move target, f - Sigmund
Aim: Sigmund, wielding a +4 scythe of protection and wearing a +0 robe (wandering, hasn't noticed you) Poisonous vapours surround Sigmund!
Sigmund is poisoned.
Sigmund shouts!
Casting: Poisonous Vapours (safe; 4% risk of failure)
Confirm with . or Enter, or press ? or * to list all spells.
Aiming: Poisonous Vapours (safe; 4% risk of failure)
Press: ? - help, Dir - move target, f/p - Sigmund
Aim: Sigmund, wielding a +4 scythe of protection and wearing a +0 robe (lightly wounded, poisoned) Poisonous vapours surround Sigmund!
Sigmund looks even sicker.
Sigmund gestures wildly while chanting.
Sigmund flickers and vanishes!
Deactivating autopickup; reactivate with Ctrl-A.
Something tries to affect you, but you resist.
A puff of flame appears from out of thin air!
The puff of flame hits you!
You start resting.
A puff of flame appears from out of thin air!
The puff of flame hits you!
A magic dart appears from out of thin air!
The magic dart hits you.
You start resting.
Something hits you. Something hits you!
* * * LOW HITPOINT WARNING * * *
It was a potion of curing.
You feel better. Something hits you.
* * * LOW HITPOINT WARNING * * *
It was a potion of might.
You feel very mighty all of a sudden.
A magic dart appears from out of thin air!
The magic dart hits you!
You die...

.....####...####
.... #.#.# ...
#...# ## ##..#
#..# ###..####
#.{.....#
#.......#
#...@...#
#########


There were no monsters in sight!

Vanquished Creatures
  Jessica (D:2)
  4 adders (D:2)
  6 bats
  2 endoplasms
  5 goblins
  3 hobgoblins
  4 jackals (D:1)
  A quokka (D:2)
  4 ball pythons (D:1)
  2 frilled lizards (D:1)
  3 kobolds
  4 rats (D:1)
39 creatures vanquished.

Notes
Turn   | Place    | Note
-------+----------+-------------------------------------------
     0 | D:1      | night the Draconian Venom Mage began the quest for the Orb.
     0 | D:1      | Reached XP level 1. HP: 14/14 MP: 3/3
   387 | D:1      | Reached XP level 2. HP: 20/20 MP: 0/5
   611 | D:1      | Learned a level 2 spell: Poisonous Vapours
  1405 | D:2      | Reached XP level 3. HP: 25/26 MP: 2/7
  1837 | D:2      | Reached skill level 4 in Poison Magic
  1917 | D:2      | Identified a scroll of acquirement
  2292 | D:2      | Found a blossoming altar of Fedhas.
  2326 | D:2      | Noticed Jessica
  2332 | D:2      | Killed Jessica
  2333 | D:2      | Reached XP level 4. HP: 33/33 MP: 1/9
  2678 | D:3      | Noticed Sigmund
  2703 | D:3      | HP: 4/33 [something (8)]
  2706 | D:3      | Killed from afar by Sigmund

Illustrated notes

Levels and vault maps discovered:
D:1:      dpeg_arrival_tiny_g, layout_loops_cross, serial_bayou_lagoon_b
D:2:      layout_basic, basic_altar, minmay_heptomino_d4, uniq_jessica
D:3:      layout_rooms, grunt_temple_overflow_order_and_chaos_1,
          grunt_gozag_breadcrumbs, uniq_grinder, uniq_sigmund

Skill      XL: |  1  2  3 |
---------------+----------+-----
Spellcasting   | 3 |  3.4
Poison Magic   | 4 |  4.3
Dodging        | |  1.7
Stealth        | |  1.7
Transmutations | |  1.0

Action                     |  1- 3 |  4- 6 || total
---------------------------+-------+-------++-------
  Melee: Unarmed           |    21 |       ||    21
         Hand axe          |    19 |     6 ||    25
         Tailslap          |     2 |     1 ||     3
         Punch             |     1 |       ||     1
   Cast: Sting             |    36 |       ||    36
         Poisonous Vapours |    20 |     6 ||    26
    Use: Scroll            |     5 |       ||     5
         Potion            |       |     2 ||     2
 Armour: Skin              |    18 |     2 ||    20
  Dodge: Dodged            |    41 |     4 ||    45
  Block: Other             |     6 |     3 ||     9

Table legend: (Time is in decaauts)
 A = Elapsed time spent in this place.
 B = Non-inter-level travel time spent in this place.
 C = Inter-level travel time spent in this place.
 D = Time resting spent in this place.
 E = Time spent auto-exploring this place.
 F = Levels seen in this place.
 G = Mean time per level.
                   A        B        C        D        E       F      G
               +--------+--------+--------+--------+--------+-----+--------+
         Total |   2734 |   2702 |     32 |    131 |   2236 |   3 |  911.3 |
       Dungeon |   2734 |   2702 |     32 |    131 |   2236 |   3 |  911.3 |
               +--------+--------+--------+--------+--------+-----+--------+

Top non-repeatable levels by time:
     D:2: 1526 daAuts
     D:1: 1126 daAuts
     D:3: 80 daAuts
